 Dungeon Crawl Stone Soup version 0.19-a0-376-gf780d9b (webtiles) character file.

41666 kae the Fencer (level 13, -5/116 HPs)
             Began as a Minotaur Fighter on May 30, 2016.
             Was a High Priest of Hepliaklqana.
             Slain by an eight-headed hydra (8 damage)
             ... on level 7 of the Lair of Beasts.
             The game lasted 00:29:47 (17558 turns).

kae the Fencer (Minotaur Fighter)                  Turns: 17558, Time: 00:29:48

Health: -5/116     AC: 19    Str: 22    XL:     13   Next: 81%
Magic:  21/21      EV: 10    Int:  7    God:    Hepliaklqana [*****.]
Gold:   1385       SH:  0    Dex: 12    Spells: 0 memorised, 12 levels left

rFire  . . .     SeeInvis .     g - +1 great sword (slice)
rCold  + . .     Gourm    .     c - +1 plate armour {rC+}
rNeg   + . .     Faith    .     (shield currently unavailable)
rPois  +         Spirit   .     (helmet restricted)
rElec  .         Dismiss  .     U - +0 cloak
rCorr  .         Reflect  .     S - +1 pair of gloves
SustAt .         Harm     .     Y - +0 pair of boots
MR     .....                    Z - amulet of magic regeneration
Stlth  ..........               l - ring of poison resistance
                                N - ring of positive energy

@: not resistant to hostile enchantments, extremely unstealthy
A: retaliatory headbutt, horns 2
a: Recall Ancestor, Ancestor Identity, Transference, Idealise, Renounce Religion


You were on level 7 of the Lair of Beasts.
You worshipped Hepliaklqana.
Hepliaklqana was extremely pleased with you.
You were not hungry.

You visited 2 branches of the dungeon, and saw 17 of its levels.

You collected 1385 gold pieces.

Inventory:

Hand Weapons
 g - a +1 great sword of slicing (weapon)
Armour
 c - a +1 plate armour of cold resistance (worn)
 S - a +1 pair of gloves (worn)
 U - a +0 cloak (worn)
 Y - a +0 pair of boots (worn)
Jewellery
 e - an uncursed ring of sustain attributes
 l - a ring of poison resistance (right hand)
 y - an uncursed ring of flight
 D - an uncursed amulet of harm
 J - an uncursed ring of positive energy
 M - a +3 ring of intelligence
 N - a ring of positive energy (left hand)
 Z - an amulet of magic regeneration (around neck)
Wands
 a - a wand of disintegration (0/24)
 b - a wand of flame (28/48)
 p - a wand of acid (10/15)
 z - a wand of acid (5/15)
 G - a wand of digging (15/24)
 L - a wand of flame (33/48)
 O - a wand of paralysis (0/24)
 P - a wand of lightning (12/15)
 R - a wand of enslavement (11/24)
 X - a wand of random effects (41/48)
Scrolls
 h - 7 scrolls of remove curse
 j - 4 scrolls of recharging
 m - 5 scrolls of identify
 o - 2 scrolls of enchant weapon
 q - a scroll of holy word
 r - a scroll of fog
 s - 9 scrolls of magic mapping
 u - 4 scrolls of teleportation
 v - 3 scrolls of fear
 I - 3 scrolls of blinking
 Q - a scroll of brand weapon {unknown}
Potions
 d - 2 potions of might
 n - a potion of flight
 t - 4 potions of agility
 w - 3 potions of cancellation
 x - 3 potions of mutation
 B - 4 potions of haste
 E - 3 potions of magic
 F - 4 potions of curing
 H - 3 potions of lignification
Books
 T - a book of the Sky

   Spells                             Type                      Level
   a - Summon Lightning Spire         Summoning/Air                4
   b - Airstrike                      Air                          4
   c - Silence                        Hexes/Air                    5
   d - Deflect Missiles               Charms/Air                   6
   e - Conjure Ball Lightning         Conjuration/Air              6
   f - Tornado                        Air                          9
Comestibles
 f - 12 bread rations
 i - 11 beef jerkies
 k - 5 slices of pizza
 A - 12 meat rations
 C - 6 fruits
 K - 16 royal jellies


   Skills:
 - Level 11.4 Fighting
 + Level 16.4 Long Blades
 - Level 7.6 Armour
 - Level 9.0 Dodging
   Level 3.6 Shields
 - Level 12.7 Invocations


You had 12 spell levels left.
You didn't know any spells.

Dungeon Overview and Level Annotations

Branches:
Dungeon (10/15)            Temple (0/1) D:4            Lair (7/8) D:8
  Swamp (0/4) Lair:5        Snake (0/4) Lair:5        Slime (0/6) Lair:6
    Orc: D:9-12

Altars:
Ashenzari
Cheibriados
Elyvilon
Fedhas
Gozag
Hepliaklqana
Makhleb
Okawaru
Qazlal
Sif Muna
Trog
Vehumet
Xom
Zin
The Shining One
Jiyva


Innate Abilities, Weirdness & Mutations

You reflexively headbutt those who attack you in melee.
You have a pair of horns on your head.


Message History

The eight-headed hydra closely misses you.
Unknown command.
Evoke which item? (* to show all) (? for menu, Esc to quit)
Zapping:
a - a wand of disintegration {zapped: 12} (will waste charges)
Press: ? - help, Shift-Dir - straight line, f/p - eight-headed hydra
Aim: an eight-headed hydra (almost dead, chance to defeat MR: 30%) Nothing appears to happen.
The eight-headed hydra barely misses you.
The eight-headed hydra bites you!
* * * LOW HITPOINT WARNING * * *
The eight-headed hydra bites you.
* * * LOW HITPOINT WARNING * * *
The eight-headed hydra bites you but does no damage.
The eight-headed hydra bites you.
* * * LOW HITPOINT WARNING * * *
The eight-headed hydra bites you.
* * * LOW HITPOINT WARNING * * *
The eight-headed hydra barely misses you.
The eight-headed hydra bites you!
You die...

......# ##..D.####.
##.P.....##.##....# #.
#.........#.###..P####
#...........##.†...#
#..........###....##
##P...........#.....#
#.P...>........#...##
#.....÷.......##...##
#....D@......###....###
#.....P......###......#
#...........P##.......#
##.....................
#..#.#................
######..##............
######.##........
###.#....... ##.#......


You could see an eight-headed hydra.

Vanquished Creatures
  Nessos (Lair:5)
  Erolcha (D:8)
  2 hydras
  The ghost of tstbtto the Severer, a novice MiCK of Ru (Lair:1)
  3 death yaks (Lair:6)
  Urug (D:10)
  Nergalle (Lair:4)
  A hill giant (D:10)
  The ghost of tstbtto the Cleaver, a novice MiCK of Ru (D:8)
  An elephant (Lair:4)
  The ghost of tstbtto the Cleaver, a novice MiCK of Ru (D:5)
  Joseph (D:10)
  A gargoyle (D:10)
  3 black mambas
  5 spiny frogs
  The ghost of DungeonMaster the Skirmisher, a novice DsMo (D:6)
  2 torpor snails (Lair:6)
  6 komodo dragons
  2 rime drakes
  A queen bee (Lair:5)
  A troll (D:10)
  A giant leech (Lair:5)
  6 blink frogs
  4 spriggans (Lair:4)
  2 wyverns
  17 yaks
  3 hippogriffs
  4 hungry ghosts
  Edmund (D:5)
  2 nagas (Lair:5)
  7 water moccasins
  9 porcupines
  Duvessa (D:6)
  6 orc warriors
  3 ice beasts
  2 phantoms
  A sky beast (D:6)
  An eye of draining (D:2)
  3 ogres
  9 crocodiles
  11 giant frogs
  Dowan (D:6)
  2 scorpions
  24 killer bees
  An electric eel (Lair:5)
  5 howler monkeys
  5 crimson imps
  A quasit (D:10)
  2 jellies
  4 hounds
  5 orc priests
  2 centaur zombies
  3 centaur skeletons
  5 giant frog skeletons
  7 iguanas
  7 orc wizards
  9 worker ants
  A killer bee zombie (D:7)
  16 sheep
  A hound skeleton (D:10)
  2 worker ant zombies
  4 gnolls
  11 adders
  44 river rats
  3 shadow imps
  2 oozes
  An adder zombie (D:9)
  3 adder skeletons
  2 worms
  7 dart slugs
  8 giant geckos
  47 orcs
  6 bats
  4 giant cockroaches
  7 goblins
  4 hobgoblins
  2 jackals (D:6)
  A quokka (D:2)
  A ball python (D:5)
  A giant gecko skeleton (D:8)
  A giant gecko zombie (D:6)
  7 giant newts
  A jackal skeleton (D:6)
  5 kobolds
  2 quokka skeletons
  A quokka zombie (D:5)
  10 rats
  3 fungi
421 creatures vanquished.

Vanquished Creatures (collateral kills)
  2 death yaks (Lair:6)
  2 spiny frogs
  A komodo dragon (Lair:3)
  3 blink frogs
  A spriggan (Lair:4)
  A vampire (D:10)
  4 yaks
  A basilisk (Lair:3)
  A hippogriff (Lair:2)
  A naga (Lair:5)
  2 water moccasins
  3 porcupines
  An ice beast (D:6)
  A wasp (D:8)
  An ogre (D:4)
  A centaur (D:5)
  A crocodile (Lair:5)
  3 giant frogs
  5 killer bees (Lair:5)
  2 scorpions
  A howler monkey (D:10)
  An electric eel (Lair:4)
  4 crimson imps
  A centaur zombie (D:8)
  2 orc priests
  An iguana (D:7)
  Terence (D:3)
  5 orc wizards
  3 worker ants
  2 sheep (Lair:7)
  A gnoll (D:8)
  11 river rats
  A worm (D:3)
  A giant gecko (D:4)
  10 orcs
  2 jackals (D:8)
  A bat (D:3)
85 creatures vanquished.

Vanquished Creatures (others)
  9 battlemagi
  6 fungi
  9 plants
24 creatures vanquished.

Grand Total: 530 creatures vanquished

Notes
Turn   | Place    | Note
--------------------------------------------------------------
     0 | D:1      | kae the Minotaur Fighter began the quest for the Orb.
     0 | D:1      | Reached XP level 1. HP: 19/19 MP: 0/0
    46 | D:1      | Reached skill level 3 in Long Blades
   406 | D:1      | Reached XP level 2. HP: 22/26 MP: 1/1
   586 | D:1      | Reached skill level 4 in Long Blades
   843 | D:1      | Reached XP level 3. HP: 31/31 MP: 2/2
  1400 | D:2      | Reached skill level 5 in Long Blades
  1531 | D:2      | Reached XP level 4. HP: 39/39 MP: 3/3
  1883 | D:3      | Found a bloodstained altar of Trog.
  1883 | D:3      | Noticed an eye of draining
  1906 | D:2      | Killed an eye of draining
  1906 | D:2      | Reached skill level 6 in Long Blades
  1906 | D:2      | Reached XP level 5. HP: 20/45 MP: 0/4
  2125 | D:3      | Found a hazy altar of Hepliaklqana.
  2144 | D:3      | Became a worshipper of Hepliaklqana
  2152 | D:3      | Noticed Terence
  2162 | D:3      | Killed Terence
  2162 | D:3      | Reached skill level 7 in Long Blades
  2173 | D:3      | Found a faded altar to an unknown god.
  2196 | D:3      | Found a deep blue altar of Sif Muna.
  2276 | D:3      | Reached * piety under Hepliaklqana
  2505 | D:3      | Reached XP level 6. HP: 51/51 MP: 5/5
  2661 | D:4      | Reached skill level 8 in Long Blades
  2703 | D:4      | Reached skill level 9 in Long Blades
  2851 | D:4      | Reached XP level 7. HP: 50/57 MP: 6/6
  2871 | D:4      | Found a staircase to the Ecumenical Temple.
  2932 | D:4      | Reached skill level 10 in Long Blades
  3065 | D:4      | Found a shimmering altar of Xom.
  3160 | D:4      | Found a shattered altar of Ashenzari.
  3379 | D:5      | Entered Level 5 of the Dungeon
  3547 | D:5      | Reached skill level 11 in Long Blades
  3573 | D:5      | Reached XP level 8. HP: 51/64 MP: 7/7
  3815 | D:5      | Reached ** piety under Hepliaklqana
  3820 | D:5      | Remembered your ancestor Huemac as a battlemage
  3994 | D:5      | Found a glowing silver altar of Zin.
  4021 | D:5      | Reached skill level 12 in Long Blades
  4140 | D:5      | Noticed Edmund
  4153 | D:5      | Killed Edmund
  4261 | D:5      | Noticed tstbtto's ghost (novice MiCK)
  4270 | D:5      | Killed tstbtto's ghost
  4270 | D:5      | Reached skill level 13 in Long Blades
  4465 | D:6      | Noticed DungeonMaster's ghost (novice DsMo)
  4495 | D:6      | Killed DungeonMaster's ghost
  4495 | D:6      | Reached XP level 9. HP: 46/70 MP: 8/8
  4651 | D:6      | Found a white marble altar of Elyvilon.
  4651 | D:6      | Found a glowing silver altar of Zin.
  4651 | D:6      | Found a glowing golden altar of the Shining One.
  4863 | D:6      | Reached skill level 14 in Long Blades
  4940 | D:6      | Noticed Duvessa
  4940 | D:6      | Noticed Dowan
  4948 | D:6      | Killed Duvessa
  4948 | D:6      | Reached skill level 5 in Fighting
  4952 | D:6      | Killed Dowan
  5865 | D:7      | Reached *** piety under Hepliaklqana
  5900 | D:7      | Found a stormy altar of Qazlal.
  6134 | D:7      | Found an iron altar of Okawaru.
  6136 | D:7      | Found a radiant altar of Vehumet.
  6139 | D:7      | Found a blossoming altar of Fedhas.
  6247 | D:8      | Identified a scroll of acquirement
  6320 | D:8      | Found a staircase to the Lair.
  6529 | D:8      | Reached XP level 10. HP: 87/93 MP: 9/9
  6532 | D:8      | Reached skill level 10 in Fighting
  6730 | D:8      | Noticed tstbtto's ghost (novice MiCK)
  6740 | D:8      | Killed tstbtto's ghost
  6753 | D:8      | Noticed Erolcha
  6756 | D:8      | Killed Erolcha
  6945 | D:8      | Found a burning altar of Makhleb.
  7124 | D:9      | Reached skill level 1 in Invocations
  7226 | D:9      | Found an opulent altar of Gozag.
  7739 | D:9      | Reached **** piety under Hepliaklqana
  7827 | D:9      | Reached skill level 5 in Invocations
  8020 | D:10     | Entered Level 10 of the Dungeon
  8134 | D:10     | Noticed Joseph
  8145 | D:10     | Killed Joseph
  8187 | D:10     | Noticed Urug
  8201 | D:10     | Killed Urug
  8201 | D:10     | Reached XP level 11. HP: 37/102 MP: 15/15
  8702 | D:10     | Found an iron altar of Okawaru.
  8780 | D:10     | Noticed a hill giant
  8786 | D:10     | Killed a hill giant
  9143 | Lair:1   | Entered Level 1 of the Lair of Beasts
  9621 | Lair:1   | Reached skill level 10 in Invocations
  9699 | Lair:1   | Reached ***** piety under Hepliaklqana
  9801 | Lair:1   | Noticed tstbtto's ghost (novice MiCK)
  9815 | Lair:1   | Killed tstbtto's ghost
 11815 | Lair:3   | Reached XP level 12. HP: 62/110 MP: 20/20
 11824 | Lair:3   | Reached XP level 13. HP: 67/116 MP: 21/21
 12755 | Lair:4   | Reached skill level 5 in Armour
 13168 | Lair:4   | Noticed Nergalle
 13201 | Lair:4   | Killed Nergalle
 13757 | Lair:5   | Noticed Nessos
 14744 | Lair:5   | Killed Nessos
 15116 | Lair:5   | Found a staircase to the Snake Pit.
 15267 | Lair:5   | Found a staircase to the Swamp.
 15837 | Lair:6   | Reached skill level 15 in Long Blades
 15841 | Lair:6   | Found a snail-covered altar of Cheibriados.
 16903 | Lair:6   | Found a viscous altar of Jiyva.
 16903 | Lair:6   | Found a staircase to the Slime Pits.
 17079 | Lair:7   | Reached skill level 16 in Long Blades
 17104 | Lair:7   | Reached ****** piety under Hepliaklqana
 17558 | Lair:7   | HP: 3/116 [eight-headed hydra (3)]
 17558 | Lair:7   | Slain by an eight-headed hydra

Vault maps used:
D:1:      elethiomel_arrival_fortress_basement, minivault_26, st_stairs_14,
          hangedman_decor_push
D:3:      lemuel_round_altar, overflow_temple_1_default, trog_eyes_of_draining,
          ecumenical_altar_1, uniq_terence
D:4:      kennysheep_mini, temple_pool_a, first_bread, xom_teletrap_fun
D:5:      basic_altar, uniq_edmund
D:6:      good_gods_mini_temple, st_stairs_1, minmay_misc_feat_more_columns,
          uniq_duvessa
D:7:      grunt_qazlal_sundering, minitemple, grunt_ogre_cave, uniq_joseph
D:8:      makhleb_heckhound_becter, dpeg_oklobed_lair, minmay_gold_behind_fungi,
          nicolae_sextant, uniq_erolcha
D:9:      nicolae_gozag_seed_capital, due_unseen_surprise
D:10:     okawaru_trees_2, uniq_urug
Lair:1:   serial_forest, infiniplex_forest_lined_1, infiniplex_forest_end_3,
          infiniplex_forest_side_room, infiniplex_forest_zigzag_2,
          infiniplex_forest_clump_tiny, infiniplex_forest_clump_small,
          infiniplex_forest_clump_medium, st_stairs_4
Lair:4:   serial_bayou, serial_bayou_pond_a, serial_bayou_lagoon_a,
          serial_bayou_shore_a, serial_bayou_pond_b, wad_woods_01,
          serial_bayou_shore_b, lemuel_fruit_fields, uniq_nergalle
Lair:5:   minmay_swamp_entry_worms, guppyfry_snake_entry_garden, special_room,
          infiniplex_staircase_pool, uniq_nessos
Lair:6:   dpeg_slime_entry_enclosed_altar, kennysheep_snail_temple,
          grunt_megastairs_1, serial_bayou_shore_b
Lair:7:   kennysheep_rathole, portal_ice_cave_rime, lemuel_fruit_tree

Skill      XL: |  1  2  3  4  5  6  7  8  9 10 11 12 13 |
---------------+----------------------------------------+-----
Long Blades    | 3 4 5 6 7 9 11 13 14 16 | 16.4
Fighting       | 9 11 | 11.4
Invocations    | 7 12 | 12.7
Dodging        | 8 9 |  9.0
Armour         | 7 |  7.6
Shields        | |  3.6

Action                   |  1- 3 |  4- 6 |  7- 9 | 10-12 | 13-15 || total
-------------------------+-------+-------+-------+-------+-------++-------
Melee: Long sword        |    88 |   123 |   268 |       |       ||   479
       Headbutt          |    14 |    19 |    53 |    47 |    79 ||   212
       Great sword       |       |       |    34 |   327 |   425 ||   786
Invok: Ancestor Life: Ba |       |       |     1 |       |       ||     1
       Idealise          |       |       |       |     1 |     3 ||     4
       Recall Ancestor   |       |       |       |       |     1 ||     1
Evoke: Wand              |       |       |       |       |     9 ||     9
  Use: Scroll            |       |       |    18 |    10 |     1 ||    29
       Potion            |       |       |     1 |     3 |     1 ||     5
 Stab: Distracted        |     1 |       |     3 |     5 |     6 ||    15
       Invisible         |       |       |       |       |     2 ||     2
  Eat: Chunk             |     2 |     4 |    14 |    16 |    17 ||    53
       Fruit             |       |       |     1 |       |     2 ||     3
       Bread ration      |       |       |       |     1 |       ||     1
Armor: Scale mail        |    38 |    44 |    75 |     4 |       ||   161
       Ring mail         |       |       |       |    51 |       ||    51
       Plate armour      |       |       |       |    76 |   279 ||   355
Dodge: Dodged            |    21 |    30 |    58 |   107 |   235 ||   451
Block: Shield            |    37 |    43 |    79 |       |       ||   159
